 Dungeon Crawl Stone Soup version 0.20-a0-433-g9e36e56 (webtiles) character file.

88 Kriby the Skirmisher (level 4, -1/39 HPs)
             Began as a Mummy Fighter on Jan 4, 2017.
             Slain by a scorpion (6 damage)
             ... on level 1 of the Dungeon.
             The game lasted 00:02:02 (5132 turns).

Kriby the Skirmisher (Mummy Fighter)                Turns: 5132, Time: 00:02:03

Health: -1/39      AC:  6    Str: 19    XL:     4   Next: 29%
Magic:  4/4        EV:  7    Int:  7    God:
Gold:   93         SH:  8    Dex: 12    Spells: 3/3 levels left

rFire  x . .     SeeInvis .     a - +0 trident
rCold  + . .     Gourm    .     b - +0 scale mail
rNeg   + + +     Faith    .     c - +0 shield
rPois  ∞         Spirit   .     (no helmet)
rElec  .         Reflect  .     (no cloak)
rCorr  .         Harm     .     (no gloves)
MR     .....     Rnd*Tele +     (no boots)
Stlth  ..........               (no amulet)
                                (no ring)
                                e - ring of teleportation (curse)

@: no status effects
A: no food or potions, fire vulnerability, cold resistance 1, negative energy
resistance 3, torment resistance, unbreathing
a: no special abilities


You were on level 1 of the Dungeon.
You were not hungry.

You visited 1 branch of the dungeon, and saw 2 of its levels.

You collected 93 gold pieces.

Inventory:

Hand Weapons
 a - a +0 trident (weapon)
Armour
 b - a +0 scale mail (worn)
 c - a +0 shield (worn)
Jewellery
 e - a cursed ring of teleportation (left hand)
Scrolls
 d - a scroll of remove curse {unknown}
 f - a scroll of blinking {unknown}
 g - a scroll of teleportation {unknown}
 h - a scroll of identify {unknown}


   Skills:
 + Level 5.1 Fighting
 - Level 1.5 Polearms
 - Level 2.4 Armour
 - Level 2.4 Shields


You had 3 spell levels left.
You didn't know any spells.

Dungeon Overview and Level Annotations

Branches:
Dungeon (2/15)

Altars:


Innate Abilities, Weirdness & Mutations

You do not eat or drink.
Your flesh is vulnerable to fire.
You are immune to poison.
Your flesh is cold resistant. (rC+)
You are immune to negative energy. (rN+++)
You are immune to unholy pain and torment.
You can survive without breathing.


Message History

You block the scorpion's attack.
Attack whom?
Press: ? - help, Dir - move target cursor, f/p - scorpion
Aim: a scorpion (moderately wounded)
You hit the scorpion.
The scorpion is heavily wounded.
You block the scorpion's attack.
Attack whom?
Press: ? - help, Dir - move target cursor, f/p - scorpion
Aim: a scorpion (heavily wounded)
You closely miss the scorpion.
The scorpion is heavily wounded.
You block the scorpion's attack.
Attack whom?
Press: ? - help, Dir - move target cursor, f/p - scorpion
Aim: a scorpion (heavily wounded)
You barely miss the scorpion.
The scorpion is heavily wounded.
The scorpion stings you.
You die...

### #.# #.# #.#####
#.....# #####.####
#....##################
####.#@................
#.#s################
#.#.# ###.#.#####
#.........#
####.#.#.#.#.#######
#.(......#.........#
#..((....#.##......#
#..)((.).#.##......######


You could see a scorpion.

Vanquished Creatures
  3 adders
  An ooze (D:1)
  2 dart slugs (D:1)
  2 leopard geckos (D:2)
  10 goblins
  6 hobgoblins
  3 jackals (D:1)
  9 kobolds
  7 bats (D:1)
  2 frilled lizards
  5 rats (D:1)
50 creatures vanquished.

Notes
Turn   | Place    | Note
-------+----------+-------------------------------------------
     0 | D:1      | Kriby the Mummy Fighter began the quest for the Orb.
     0 | D:1      | Reached XP level 1. HP: 18/18 MP: 1/1
     0 | D:1      | Noticed a minotaur
     8 | D:1      | Noticed a troll
    12 | D:1      | Noticed a vine stalker
    16 | D:1      | Noticed a dwarf
    18 | D:1      | Noticed a merfolk zombie
    78 | D:1      | Reached XP level 2. HP: 17/24 MP: 2/2
   329 | D:1      | Reached skill level 4 in Fighting
   407 | D:1      | Reached XP level 3. HP: 30/30 MP: 3/3
  1219 | D:2      | Reached XP level 4. HP: 38/38 MP: 4/4
  1271 | D:2      | Reached skill level 5 in Fighting
  5132 | D:1      | Slain by a scorpion

Vault maps used:
D:1:      shiori_arrival_whats_in_store_for_you
D:2:      kennysheep_nondescript

Skill      XL: |  1  2  3  4 |
---------------+-------------+-----
Fighting       | 4 5 |  5.1
Polearms       | |  1.5
Armour         | |  2.4
Shields        | |  2.4

Action                   |  1- 3 |  4- 6 || total
-------------------------+-------+-------++-------
Melee: Trident           |   169 |    78 ||   247
 Stab: Distracted        |       |     1 ||     1
Armor: Scale mail        |    67 |    19 ||    86
Dodge: Dodged            |    54 |    19 ||    73
Block: Shield            |    83 |    42 ||   125
